 Dungeon Crawl Stone Soup version 0.16.1-51-g6203257 (webtiles) character file.

222 Miyamura the Charlatan (level 5, -3/26 HPs)
             Began as a Spriggan Artificer on July 7, 2015.
             Killed by divine providence
             ... invoked by an orc priest
              (10 damage)
             ... on level 3 of the Dungeon.
             The game lasted 00:09:00 (3384 turns).

Miyamura the Charlatan (Spriggan Artificer)         Turns: 3384, Time: 00:09:00

Health: -3/26      AC:  2    Str:  7    XL:     5   Next: 66%
Magic:  14/14      EV: 21    Int: 14    God:
Gold:   114        SH:  0    Dex: 20    Spells: 0 memorised, 4 levels left

rFire  . . .     SeeInvis +     a - +1 short sword
rCold  . . .     Clarity  .     e - +0 robe
rNeg   . . .     SustAb   .     (shield restricted)
rPois  .         Gourm    .     (helmet restricted)
rElec  .         Spirit   .     (no cloak)
rCorr  .         Warding  .     (gloves unavailable)
rMut   .         Stasis   .     (boots unavailable)
MR     .....                    (no amulet)
Stlth  +++.......               (no ring)
                                g - +3 ring of dexterity

@: about to teleport, very quick, not resistant to hostile enchantments, fairly
stealthy
A: unfitting armour, see invisible, herbivore 3, speed 3, slow metabolism 2
a: no special abilities


You were on level 3 of the Dungeon.
You were not hungry.

You visited 1 branch of the dungeon, and saw 3 of its levels.

You collected 114 gold pieces.

Inventory:

Hand weapons
 a - a +1 short sword (weapon)
Armour
 e - a +0 robe (worn)
Jewellery
 g - a +3 ring of dexterity (left hand)
Magical devices
 c - a wand of enslavement (11)
 d - a wand of random effects (12)
Potions
 i - a potion of curing
 j - a potion of degeneration {unknown}
 k - a potion of heal wounds {unknown}
 l - a potion of restore abilities {unknown}
 m - a potion of ambrosia {unknown}
 o - a potion of cancellation {unknown}
 q - a potion of might
Comestibles
 f - 3 bread rations
 h - 2 royal jellies
 n - a slice of pizza


   Skills:
 + Level 1.7 Fighting
 + Level 2.9 Short Blades
 + Level 4.8 Dodging
 + Level 4.2 Stealth
 + Level 5.5 Evocations


You had 4 spell levels left.
You didn't know any spells.

Dungeon Overview and Level Annotations

Branches:
Dungeon (3/15)

Altars:
Dithmenos
Fedhas
Sif Muna
Xom
Yredelemnul
Zin


Innate Abilities, Weirdness & Mutations

You are tiny and cannot use many weapons and most armour.
You have supernaturally acute eyesight.
You are a herbivore.
You cover ground extremely quickly.
You need consume almost no food.


Message History

You see here a giant gecko skeleton.
You hit the orc wizard.
The orc wizard is moderately wounded.
The orc priest looks braver.
Your orc wizard hits the orc wizard with a dagger.
The orc wizard closely misses your orc wizard.
You hit the orc wizard.
The orc wizard is almost dead.
Your orc wizard hits the orc wizard with a dagger.
The orc wizard dies!
The orc priest invokes the aid of Beogh against you.
Something smites you!
Ouch! That really hurt!
* * * LOW HITPOINT WARNING * * *
Read which item? (? for menu, Esc to quit)
As you read the scroll of teleportation, it crumbles to dust.
You feel strangely unstable.
The orc priest mumbles some strange prayers to Beogh against you.
Something smites you!
You die...

#.# ##...#####.#####..#
######.#
##.....##..........#
.....#.#
#.......#.##.###...#
.....#.# #..._...#.##.#
#...# ## .....#.#
#.......#.##.###...###.
.....#.#
##.....##.##..##.......
..oo.o.#
####...###.###.##....##.
...o.#o#
#..##.##....##.##....##.
.....#o#
#....))@....##.##....##.
.....#.#
#...o.......##..#....##.
.....#.#
#...........###.#.#..##.
.....#g# #...........#
#.#.#..... .....#.#
#.o.........# #...#..#%.
#####.###...........#
##..#.....
#....ยง.########.##
#..#.##.. #......# #.#
##.#.##.. #......# #.#
#.......


You could see an orc priest and a friendly orc wizard.

Vanquished Creatures
  A phantom (D:3)
  5 adders
  2 worms (D:2)
  2 giant geckos
  An orc (D:3)
  A ball python (D:2)
  9 bats
  4 giant cockroaches (D:1)
  9 goblins
  9 hobgoblins
  5 giant newts
  11 kobolds
  4 rats
63 creatures vanquished.

Vanquished Creatures (collateral kills)
  An orc wizard (D:3)
1 creature vanquished.

Grand Total: 64 creatures vanquished

Notes
Turn   | Place    | Note
--------------------------------------------------------------
     0 | D:1      | Miyamura, the Spriggan Artificer, began the quest for the Orb.
     0 | D:1      | Reached XP level 1. HP: 9/9 MP: 2/2
   374 | D:1      | Reached skill level 1 in Fighting
   374 | D:1      | Reached XP level 2. HP: 11/14 MP: 5/5
   976 | D:1      | Reached XP level 3. HP: 18/18 MP: 8/8
  1532 | D:2      | Found a shadowy altar of Dithmenos.
  1604 | D:2      | Reached XP level 4. HP: 17/22 MP: 11/11
  2243 | D:2      | HP: 1/22 [worm (11)]
  2254 | D:2      | Reached skill level 5 in Evocations
  2700 | D:2      | Found a shimmering altar of Xom.
  2703 | D:2      | Found a basalt altar of Yredelemnul.
  2706 | D:2      | Found a glowing silver altar of Zin.
  2828 | D:3      | Found a blossoming altar of Fedhas.
  2883 | D:3      | Found a deep blue altar of Sif Muna.
  2934 | D:3      | Noticed a phantom
  2972 | D:3      | Killed a phantom
  2972 | D:3      | Reached XP level 5. HP: 18/25 MP: 14/14
  3384 | D:3      | Killed from afar by an orc priest

Action                   |  1- 3 |  4- 6 || total
-------------------------+-------+-------++-------
Melee: Short sword       |   145 |    80 ||   225
Evoke: Wand              |     1 |    21 ||    22
  Use: Scroll            |     3 |     5 ||     8
 Stab: Sleeping          |     7 |     1 ||     8
       Distracted        |     1 |       ||     1
